 Dungeon Crawl Stone Soup version 0.29.0-4-gdea44cf6ec (webtiles) character file.

Game seed: 2843918292681748828

6988 qw the Severer (level 10, -3/136 HPs)
             Began as a Minotaur Berserker on Sept 9, 2022.
             Was an Elder of Trog.
             Killed from afar by an electric eel (8 damage)
             ... with a bolt of electricity
             ... on level 10 of the Dungeon.
             The game lasted 00:03:41 (10502 turns).

qw the Severer (Minotaur Berserker)                Turns: 10502, Time: 00:03:41

Health: -3/136     AC: 13    Str: 26    XL:     10   Next: 81%
Magic:  9/9        EV:  8    Int:  4    God:    Trog [****..]
Gold:   440        SH:  0    Dex: 10    Spells: 9/9 levels left

rFire   . . .      SeeInvis .   Y - +1 war axe
rCold   + . .      Faith    .   (no shield)
rNeg    . . .      Spirit   .   t - +0 plate armour
rPois   +          Reflect  .   (helmet restricted)
rElec   .          Harm     .   (no cloak)
rCorr   .          Rampage  .   j - +1 pair of gloves
Will    .....                   k - +0 pair of boots
Stlth   ..........              o - amulet of the acrobat
HPRegen 0.32/turn               r - ring of poison resistance
MPRegen 0.11/turn               i - ring of protection from cold

@: berserking (expiring), corroded, very quick
A: horns 2, retaliatory headbutt
a: Renounce Religion, Berserk, Trog's Hand, Brothers in Arms


You were on level 10 of the Dungeon.
You worshipped Trog.
Trog was greatly pleased with you.
You visited 1 branch of the dungeon, and saw 10 of its levels.

You collected 677 gold pieces.
You spent 237 gold pieces at shops.


Innate Abilities, Weirdness & Mutations

You have a pair of horns on your head.
You reflexively headbutt those who attack you in melee.


   Skills:
 - Level 9.0 Fighting
 + Level 15.6 Axes
 - Level 3.0 Throwing
 - Level 8.3 Armour
 - Level 3.1 Dodging


You had 9 spell levels left.
You didn't know any spells.
Your spell library was empty.

Inventory:

Hand Weapons
 e - a +0 morningstar
 Y - a +1 war axe (weapon)
Missiles
 f - 3 javelins (quivered)
Armour
 j - a +1 pair of gloves (worn)
 k - a +0 pair of boots (worn)
 t - a +0 plate armour (worn)
Jewellery
 h - a ring of resist corrosion
 i - a ring of protection from cold (right hand)
 n - a ring of resist corrosion
 o - an amulet of the acrobat (around neck)
 r - a ring of poison resistance (left hand)
 s - an amulet of guardian spirit
Scrolls
 c - 3 scrolls of teleportation
 g - 3 scrolls of identify
Potions
 a - 3 potions of curing
 b - 3 potions of heal wounds
 d - a potion of resistance
 p - a potion of cancellation

Dungeon Overview and Level Annotations

Branches:
Dungeon (10/15)            Temple (0/1) D:7
   Lair: D:8-11         Orc: D:9-12

Altars:
Cheibriados
Fedhas
Makhleb
Nemelex Xobeh
Qazlal
Ru
Uskayaw
Wu Jian
Xom
Yredelemnul
The Shining One

Shops:
D:1 :[   D:5 *

Annotations:
D:4 1 runed translucent door, Crazy Yiuf


Message History

You headbutt the komodo dragon! You hit the komodo dragon.
You headbutt the komodo dragon.
The komodo dragon is severely wounded.
The gnoll hits you from afar with a +0 spear.
You hit the komodo dragon but do no damage.
Your headbutt misses the komodo dragon. You punch the komodo dragon.
The komodo dragon is almost dead.
The komodo dragon bites you!!
You slash the komodo dragon!
You kill the komodo dragon!
Trog accepts your kill.
You barely miss the acid dragon.
The gnoll hits you from afar with a +0 spear.
You closely miss the acid dragon. You barely miss the gnoll bouda.
The acid dragon bites you!
The acid dragon claws you but does no damage.
You slash the acid dragon!
The acid dragon is heavily wounded.
You completely miss the gnoll bouda. The gnoll hits you but does no damage.
The gnoll bouda hits you but does no damage.
You closely miss the acid dragon.
The acid dragon is heavily wounded.
You slash the gnoll bouda!
The electric eel shoots out a bolt of lightning at you!
The bolt of electricity hits the gnoll bouda!
The bolt of electricity misses you. The bolt of electricity hits you!
The acid dragon barely misses you.
The acid dragon claws you but does no damage.
You slash the gnoll bouda!
You kill the gnoll bouda!
Trog accepts your kill.
You slash the acid dragon!
The gnoll hits you from afar with a +0 spear.
You slash the acid dragon!
You kill the acid dragon!
Trog accepts your kill.
The electric eel shoots out a bolt of lightning at you!
The bolt of electricity hits you!
You die...

........#
........################
~~~~~...##.............#
~...~~.(##.............'
.¤0..~..##.............#
..¤0.Kg.##............^#
..¤..S))##.............#
#@##...........(.#
#)##.............#
#.##.............#
#.############'### #.#
#.# #.############.#
#..............#
################


You could see a kobold brigand, an electric eel and a gnoll (swift).

Vanquished Creatures
  A two-headed ogre (D:10)
  Pikel (D:5)
  A komodo dragon (D:10)
  A troll (D:10)
  A hornet (D:9)
  A slime creature (D:6)
  Sigmund (D:4)
  3 steam dragons
  Grum (D:8)
  Menkaure (D:5)
  An acid dragon (D:10)
  Edmund (D:5)
  4 water moccasins
  An orc warrior (D:8)
  2 ice beasts
  3 ogres
  4 wolves (D:8)
  2 centaurs
  A phantom (D:6)
  A kobold brigand (D:8)
  Blork the orc (D:4)
  A bullfrog (D:6)
  2 scorpions
  5 necrophages
  13 wights
  5 killer bees
  4 howler monkeys
  9 jellies
  4 hounds
  2 orc priests
  2 gnoll boudas
  3 orc wizards
  7 iguanas
  13 gnolls
  5 adders (D:4)
  3 shadow imps
  A white imp (D:8)
  5 worms
  16 orcs
  4 ball pythons
  20 endoplasms
  6 giant cockroaches
  13 goblins
  4 hobgoblins
  2 jackals (D:3)
  4 quokkas
  8 bats
  3 frilled lizards
  20 kobolds
  10 rats
227 creatures vanquished.

Vanquished Creatures (others)
  A killer bee (D:10)
  6 fungi (D:6)
  13 plants
20 creatures vanquished.

Grand Total: 247 creatures vanquished

Notes
Turn   | Place    | Note
-------+----------+-------------------------------------------
     0 | D:1      | qw the Minotaur Berserker began the quest for the Orb.
     0 | D:1      | Reached XP level 1. HP: 19/19 MP: 0/0
     0 | D:1      | 0 ||| qw: Version: 0.1-a-113-g051387a
     0 | D:1      | 0 ||| qw: Game counter: 7274
     0 | D:1      | 0 ||| qw: Always use a shield: true
     0 | D:1      | 0 ||| qw: Do Orc after D:15 true
     0 | D:1      | 0 ||| qw: Do second Lair branch before Depths: true
     0 | D:1      | 0 ||| qw: Lair rune preference: random
     0 | D:1      | 0 ||| qw: Plans: Normal
     0 | D:1      | 0 ||| PLANNING D:1-11
    69 | D:1      | 69 ||| Stepping ~*~*~tactically~*~*~ (stealth).
    74 | D:1      | 74 ||| Stepping ~*~*~tactically~*~*~ (stealth).
    89 | D:1      | Reached skill level 4 in Axes
   105 | D:1      | 105 ||| Stepping ~*~*~tactically~*~*~ (stealth).
   110 | D:1      | 110 ||| Stepping ~*~*~tactically~*~*~ (stealth).
   111 | D:1      | 111 ||| Stepping ~*~*~tactically~*~*~ (stealth).
   113 | D:1      | 113 ||| Stepping ~*~*~tactically~*~*~ (stealth).
   114 | D:1      | 114 ||| Stepping ~*~*~tactically~*~*~ (stealth).
   124 | D:1      | 124 ||| Stepping ~*~*~tactically~*~*~ (stealth).
   125 | D:1      | 125 ||| Stepping ~*~*~tactically~*~*~ (stealth).
   127 | D:1      | 127 ||| Stepping ~*~*~tactically~*~*~ (stealth).
   129 | D:1      | 129 ||| Stepping ~*~*~tactically~*~*~ (stealth).
   199 | D:1      | Found Uniqalol's Book Boutique.
   222 | D:1      | 222 ||| Stepping ~*~*~tactically~*~*~ (stealth).
   228 | D:1      | 228 ||| INVOKING Berserk.
   231 | D:1      | Reached XP level 2. HP: 26/26 MP: 1/1
   382 | D:1      | Found Sinlit's Antique Armour Boutique.
   392 | D:1      | 392 ||| SHOPLISTING cloak (94 gold, have 23).
   392 | D:1      | 392 ||| SHOPLISTING glowing cloak (157 gold, have 23).
   484 | D:1      | Reached skill level 5 in Axes
   551 | D:1      | 551 ||| Stepping ~*~*~tactically~*~*~ (stealth).
   553 | D:1      | 553 ||| Stepping ~*~*~tactically~*~*~ (stealth).
   565 | D:1      | Reached XP level 3. HP: 28/31 MP: 2/2
   589 | D:1      | 589 ||| DROPPING +0 club.
   635 | D:1      | 635 ||| Stepping ~*~*~tactically~*~*~ (stealth).
   637 | D:1      | 637 ||| Stepping ~*~*~tactically~*~*~ (stealth).
   643 | D:1      | Reached ** piety under Trog
   661 | D:1      | 661 ||| Stepping ~*~*~tactically~*~*~ (stealth).
   769 | D:1      | Found a faded altar of an unknown god.
   891 | D:1      | 891 ||| UPGRADING to +0 chain mail.
   901 | D:1      | 901 ||| DROPPING +0 animal skin.
   902 | D:1      | 902 ||| UPGRADING to +0 pair of gloves.
   907 | D:1      | 907 ||| UPGRADING to ring of protection from cold.
   908 | D:1      | 908 ||| READING 2 scrolls labelled URY EFALOMMAEPH.
   911 | D:1      | 911 ||| READING scroll labelled EDACSI VOOF.
   912 | D:1      | 912 ||| READING 3 scrolls labelled XIUVESANLI.
   913 | D:1      | 913 ||| READING 2 scrolls labelled LYBERO DOGI.
   914 | D:1      | 914 ||| READING scroll of enchant weapon.
   914 | D:1      | 914 ||| ENCHANTING +1 hand axe.
   915 | D:1      | 915 ||| READING scroll labelled QAJASOGERI.
   916 | D:1      | 916 ||| DRINKING 2 viscous coppery potions.
   916 | D:1      | Gained mutation: You are clumsy. (Dex -2) [potion of
                  | mutation]
   916 | D:1      | Gained mutation: You do not regenerate when monsters are
                  | visible. [potion of mutation]
   917 | D:1      | 917 ||| DRINKING potion of mutation.
   917 | D:1      | Lost mutation: You are clumsy. (Dex -2) [potion of
                  | mutation]
   917 | D:1      | Lost mutation: You do not regenerate when monsters are
                  | visible. [potion of mutation]
   917 | D:1      | Gained mutation: You expend magic power (3 MP) to
                  | strengthen your wands. [potion of mutation]
   917 | D:1      | Lost mutation: You expend magic power (3 MP) to strengthen
                  | your wands. [potion of mutation]
   918 | D:1      | 918 ||| READING scroll of teleportation.
  1056 | D:2      | 1056 ||| INVOKING Berserk.
  1287 | D:2      | 1287 ||| READING scroll labelled ECAFAD OPROCSE.
  1288 | D:2      | 1288 ||| READING scroll labelled XACZOSCH CANNI.
  1289 | D:2      | 1289 ||| READING scroll labelled MUWKACZ TORARGHUA.
  1290 | D:2      | 1290 ||| READING 2 scrolls of identify.
  1290 | D:2      | 1290 ||| IDENTIFYING golden potion
  1294 | D:2      | 1294 ||| Stepping randomly (stuck).
  1296 | D:2      | 1296 ||| INVOKING Berserk.
  1632 | D:2      | 1632 ||| Stepping ~*~*~tactically~*~*~ (stealth).
  1731 | D:2      | 1731 ||| READING scroll labelled KOL PEBBOYN.
  1824 | D:3      | 1824 ||| Stepping ~*~*~tactically~*~*~ (stealth).
  1826 | D:3      | 1826 ||| Stepping ~*~*~tactically~*~*~ (stealth).
  1827 | D:3      | 1827 ||| Stepping ~*~*~tactically~*~*~ (stealth).
  1840 | D:3      | 1840 ||| Stepping ~*~*~tactically~*~*~ (stealth).
  1862 | D:3      | Reached XP level 4. HP: 39/39 MP: 3/3
  1872 | D:3      | 1872 ||| Stepping ~*~*~tactically~*~*~ (stealth).
  1879 | D:3      | 1879 ||| Stepping ~*~*~tactically~*~*~ (stealth).
  1880 | D:3      | 1880 ||| FLEEEEING.
  1881 | D:3      | 1881 ||| FLEEEEING.
  1882 | D:3      | 1882 ||| FLEEEEING.
  1883 | D:3      | 1883 ||| FLEEEEING.
  1884 | D:3      | 1884 ||| FLEEEEING.
  1885 | D:3      | 1885 ||| FLEEEEING.
  1886 | D:3      | 1886 ||| FLEEEEING.
  1887 | D:3      | 1887 ||| FLEEEEING.
  1888 | D:3      | 1888 ||| FLEEEEING.
  1889 | D:3      | 1889 ||| FLEEEEING.
  1890 | D:3      | 1890 ||| FLEEEEING.
  1893 | D:3      | 1893 ||| Stepping ~*~*~tactically~*~*~ (hiding).
  1895 | D:3      | Reached skill level 6 in Axes
  1898 | D:3      | 1898 ||| INVOKING Berserk.
  1923 | D:3      | 1923 ||| FLEEEEING.
  1925 | D:3      | 1925 ||| FLEEEEING.
  1926 | D:3      | 1926 ||| FLEEEEING.
  1927 | D:3      | 1927 ||| STAIRDANCE
  2029 | D:2      | 2029 ||| READING 2 scrolls of identify.
  2029 | D:2      | 2029 ||| IDENTIFYING ruby potion
  2049 | D:3      | 2049 ||| STAIRDANCE
  2101 | D:3      | 2101 ||| DROPPING +0 whip.
  2110 | D:3      | 2110 ||| Stepping ~*~*~tactically~*~*~ (stealth).
  2160 | D:3      | 2160 ||| Stepping ~*~*~tactically~*~*~ (stealth).
  2187 | D:3      | 2187 ||| Stepping ~*~*~tactically~*~*~ (stealth).
  2224 | D:3      | 2224 ||| Stepping ~*~*~tactically~*~*~ (stealth).
  2225 | D:3      | 2225 ||| Stepping ~*~*~tactically~*~*~ (stealth).
  2354 | D:3      | 2354 ||| Stepping ~*~*~tactically~*~*~ (stealth).
  2355 | D:3      | 2355 ||| Stepping ~*~*~tactically~*~*~ (stealth).
  2356 | D:3      | 2356 ||| Stepping ~*~*~tactically~*~*~ (stealth).
  2381 | D:3      | Found a burning altar of Makhleb.
  2527 | D:3      | 2527 ||| UPGRADING to ring of resist corrosion.
  2528 | D:3      | 2528 ||| READING 2 scrolls labelled DIUJAPP UKAS.
  2529 | D:3      | 2529 ||| READING scroll of enchant armour.
  2529 | D:3      | 2529 ||| ENCHANTING +0 pair of gloves.
  2530 | D:3      | 2530 ||| READING 2 scrolls of identify.
  2530 | D:3      | 2530 ||| IDENTIFYING orange potion
  2543 | D:4      | 2543 ||| PLANNING SEWER
  2599 | D:4      | Noticed an ogre
  2600 | D:4      | Noticed an ogre
  2601 | D:4      | 2601 ||| Stepping ~*~*~tactically~*~*~ (stealth).
  2602 | D:4      | 2602 ||| Stepping ~*~*~tactically~*~*~ (stealth).
  2603 | D:4      | 2603 ||| Stepping ~*~*~tactically~*~*~ (stealth).
  2604 | D:4      | 2604 ||| Stepping ~*~*~tactically~*~*~ (stealth).
  2607 | D:4      | 2607 ||| INVOKING Berserk.
  2609 | D:4      | Killed an ogre
  2610 | D:4      | Reached skill level 7 in Axes
  2610 | D:4      | Reached XP level 5. HP: 45/45 MP: 4/4
  2743 | D:4      | Found a basalt altar of Yredelemnul.
  2748 | D:4      | Noticed Blork the orc
  2749 | D:4      | 2749 ||| Stepping ~*~*~tactically~*~*~ (hiding).
  2750 | D:4      | 2750 ||| Stepping ~*~*~tactically~*~*~ (hiding).
  2751 | D:4      | 2751 ||| Stepping ~*~*~tactically~*~*~ (hiding).
  2752 | D:4      | 2752 ||| Stepping ~*~*~tactically~*~*~ (hiding).
  2753 | D:4      | 2753 ||| INVOKING Berserk.
  2758 | D:4      | Killed an ogre
  2759 | D:4      | Reached XP level 6. HP: 47/56 MP: 5/5
  2764 | D:4      | Killed Blork the orc
  2765 | D:4      | Reached skill level 8 in Axes
  2936 | D:4      | Noticed Sigmund
  2937 | D:4      | 2937 ||| Stepping ~*~*~tactically~*~*~ (stealth).
  2939 | D:4      | 2939 ||| Stepping ~*~*~tactically~*~*~ (hiding).
  2945 | D:4      | 2945 ||| INVOKING Berserk.
  2950 | D:4      | Killed Sigmund
  2951 | D:4      | Reached skill level 9 in Axes
  2951 | D:4      | Reached XP level 7. HP: 61/61 MP: 6/6
  3023 | D:4      | 3023 ||| Stepping ~*~*~tactically~*~*~ (stealth).
  3118 | D:4      | 3118 ||| Stepping ~*~*~tactically~*~*~ (stealth).
  3119 | D:4      | 3119 ||| Stepping ~*~*~tactically~*~*~ (stealth).
  3122 | D:4      | 3122 ||| Stepping ~*~*~tactically~*~*~ (stealth).
  3126 | D:4      | 3126 ||| Stepping ~*~*~tactically~*~*~ (stealth).
  3133 | D:4      | 3133 ||| Stepping ~*~*~tactically~*~*~ (stealth).
  3177 | D:4      | Found a runed translucent door.
  3178 | D:4      | Noticed Crazy Yiuf
  3318 | D:4      | 3318 ||| RIP SEWER
  3375 | D:4      | Found a sacrificial altar of Ru.
  3375 | D:4      | Found an ornate altar of the Wu Jian Council.
  3376 | D:4      | 3376 ||| PLANNING D:1-11
  3393 | D:4      | 3393 ||| Stepping ~*~*~tactically~*~*~ (stealth).
  3421 | D:4      | Reached skill level 3 in Armour
  3596 | D:4      | Reached *** piety under Trog
  3600 | D:4      | 3600 ||| Stepping ~*~*~tactically~*~*~ (water).
  3994 | D:4      | 3994 ||| DRINKING 2 sedimented blue potions.
  4029 | D:4      | 4029 ||| DROPPING potion of lignification.
  4070 | D:5      | Entered Level 5 of the Dungeon
  4107 | D:5      | 4107 ||| INVOKING Berserk.
  4135 | D:5      | Reached skill level 10 in Axes
  4350 | D:5      | Noticed Edmund
  4351 | D:5      | 4351 ||| INVOKING Berserk.
  4355 | D:5      | Killed Edmund
  4356 | D:5      | Reached skill level 6 in Fighting
  4356 | D:5      | Reached XP level 8. HP: 71/71 MP: 7/7
  4484 | D:5      | 4484 ||| INVOKING Berserk.
  4689 | D:5      | Found Jafyekea's Assorted Antiques.
  4697 | D:5      | 4697 ||| BUYING 2 cyan potions (55 gold).
  4697 | D:5      | Bought 2 cyan potions for 55 gold pieces
  4697 | D:5      | 4697 ||| BUYING glowing inky potion (27 gold).
  4697 | D:5      | Bought a glowing inky potion for 27 gold pieces
  4697 | D:5      | 4697 ||| BUYING potion of heal wounds (155 gold).
  4697 | D:5      | Bought a potion of heal wounds for 155 gold pieces
  4697 | D:5      | 4697 ||| SHOPLISTING thick platinum amulet (155 gold, have
                  | 32).
  4958 | D:5      | Noticed Menkaure
  4959 | D:5      | 4959 ||| Stepping ~*~*~tactically~*~*~ (hiding).
  4962 | D:5      | 4962 ||| INVOKING Berserk.
  4965 | D:5      | Reached skill level 11 in Axes
  4965 | D:5      | Killed Menkaure
  5113 | D:5      | 5113 ||| Stepping ~*~*~tactically~*~*~ (stealth).
  5114 | D:5      | Noticed Pikel
  5115 | D:5      | 5115 ||| Stepping ~*~*~tactically~*~*~ (stealth).
  5117 | D:5      | 5117 ||| Stepping ~*~*~tactically~*~*~ (stealth).
  5120 | D:5      | 5120 ||| INVOKING Berserk.
  5127 | D:5      | Killed Pikel
  5128 | D:5      | Reached skill level 12 in Axes
  5202 | D:5      | 5202 ||| INVOKING Berserk.
  5411 | D:5      | Found a sparkling altar of Nemelex Xobeh.
  5481 | D:5      | 5481 ||| UPGRADING to +0 pair of boots.
  5486 | D:5      | 5486 ||| DRINKING 2 blue potions.
  5587 | D:5      | 5587 ||| DRINKING 2 cyan potions.
  5588 | D:5      | 5588 ||| DROPPING potion of ambrosia.
  5589 | D:5      | 5589 ||| DROPPING potion of magic.
  5615 | D:6      | 5615 ||| Stepping ~*~*~tactically~*~*~ (hiding).
  5616 | D:6      | 5616 ||| Stepping ~*~*~tactically~*~*~ (hiding).
  5642 | D:6      | 5642 ||| Stepping ~*~*~tactically~*~*~ (stealth).
  5643 | D:6      | 5643 ||| Stepping ~*~*~tactically~*~*~ (stealth).
  5647 | D:6      | 5647 ||| INVOKING Berserk.
  5649 | D:6      | Reached XP level 9. HP: 79/79 MP: 8/8
  5834 | D:6      | Found a hide-covered altar of Uskayaw.
  5935 | D:6      | 5935 ||| INVOKING Berserk.
  5991 | D:6      | 5991 ||| Stepping ~*~*~tactically~*~*~ (stealth).
  5992 | D:6      | 5992 ||| Stepping ~*~*~tactically~*~*~ (stealth).
  5995 | D:6      | 5995 ||| Stepping ~*~*~tactically~*~*~ (stealth).
  6077 | D:6      | Found a stormy altar of Qazlal.
  6111 | D:6      | 6111 ||| SWAPPING to +0 war axe.
  6112 | D:6      | 6112 ||| DROPPING +2 hand axe.
  6125 | D:6      | 6125 ||| INVOKING Berserk.
  6206 | D:6      | 6206 ||| Stepping ~*~*~tactically~*~*~ (stealth).
  6207 | D:6      | 6207 ||| Stepping ~*~*~tactically~*~*~ (stealth).
  6216 | D:6      | Reached skill level 13 in Axes
  6295 | D:6      | Found a blossoming altar of Fedhas.
  6437 | D:6      | 6437 ||| INVOKING Berserk.
  6688 | D:6      | 6688 ||| DROPPING scarf of shadows.
  6689 | D:6      | 6689 ||| UPGRADING to amulet of the acrobat.
  6694 | D:6      | 6694 ||| READING scroll labelled RELUGA OMEITI.
  6806 | D:7      | Found a staircase to the Ecumenical Temple.
  6854 | D:7      | 6854 ||| Stepping ~*~*~tactically~*~*~ (hiding).
  6900 | D:7      | 6900 ||| DROPPING +0 flail of venom.
  7156 | D:7      | Found a snail-covered altar of Cheibriados.
  7182 | D:7      | Reached skill level 14 in Axes
  7348 | D:7      | Reached skill level 6 in Armour
  7366 | D:7      | 7366 ||| DROPPING +2 vorpal flail.
  7717 | D:7      | 7717 ||| READING 2 scrolls labelled ZOC SABIXT.
  7887 | D:7      | 7887 ||| DROPPING scroll of torment.
  7966 | D:8      | Reached skill level 3 in Dodging
  7966 | D:8      | 7966 ||| FLEEEEING.
  7971 | D:8      | 7971 ||| STAIRDANCE
  8025 | D:8      | 8025 ||| Stepping ~*~*~tactically~*~*~ (hiding).
  8036 | D:8      | Noticed Grum
  8040 | D:8      | 8040 ||| INVOKING Berserk.
  8051 | D:8      | Killed Grum
  8143 | D:8      | Reached XP level 10. HP: 79/86 MP: 9/9
  8271 | D:8      | 8271 ||| FLEEEEING.
  8279 | D:8      | 8279 ||| FLEEEEING.
  8280 | D:8      | 8280 ||| FLEEEEING.
  8281 | D:8      | 8281 ||| FLEEEEING.
  8282 | D:8      | 8282 ||| FLEEEEING.
  8283 | D:8      | 8283 ||| FLEEEEING.
  8284 | D:8      | 8284 ||| FLEEEEING.
  8285 | D:8      | 8285 ||| FLEEEEING.
  8286 | D:8      | 8286 ||| FLEEEEING.
  8287 | D:8      | 8287 ||| FLEEEEING.
  8288 | D:8      | 8288 ||| FLEEEEING.
  8289 | D:8      | 8289 ||| FLEEEEING.
  8290 | D:8      | 8290 ||| FLEEEEING.
  8291 | D:8      | 8291 ||| FLEEEEING.
  8292 | D:8      | 8292 ||| FLEEEEING.
  8293 | D:8      | 8293 ||| FLEEEEING.
  8294 | D:8      | 8294 ||| FLEEEEING.
  8295 | D:8      | 8295 ||| FLEEEEING.
  8297 | D:8      | 8297 ||| FLEEEEING.
  8306 | D:8      | 8306 ||| STAIRDANCE
  8485 | D:8      | 8485 ||| Stepping ~*~*~tactically~*~*~ (hiding).
  8501 | D:8      | 8501 ||| Stepping ~*~*~tactically~*~*~ (stealth).
  8538 | D:8      | Reached skill level 15 in Axes
  8569 | D:8      | 8569 ||| Stepping ~*~*~tactically~*~*~ (stealth).
  8580 | D:8      | 8580 ||| FLEEEEING.
  8581 | D:8      | 8581 ||| FLEEEEING.
  8675 | D:8      | 8675 ||| DROPPING +3 flail.
  8799 | D:8      | 8799 ||| Stepping ~*~*~tactically~*~*~ (stealth).
  8801 | D:8      | Reached **** piety under Trog
  8812 | D:8      | Reached skill level 9 in Fighting
  8812 | D:8      | 8812 ||| FLEEEEING.
  8813 | D:8      | 8813 ||| FLEEEEING.
  8814 | D:8      | 8814 ||| FLEEEEING.
  8815 | D:8      | 8815 ||| FLEEEEING.
  8816 | D:8      | 8816 ||| FLEEEEING.
  8963 | D:8      | Found a glowing golden altar of the Shining One.
  9015 | D:8      | 9015 ||| Stepping ~*~*~tactically~*~*~ (stealth).
  9016 | D:8      | 9016 ||| Stepping ~*~*~tactically~*~*~ (stealth).
  9146 | D:8      | 9146 ||| Stepping ~*~*~tactically~*~*~ (stealth).
  9149 | D:8      | 9149 ||| INVOKING Berserk.
  9361 | D:8      | 9361 ||| UPGRADING to +0 plate armour.
  9371 | D:8      | 9371 ||| DROPPING +0 chain mail.
  9372 | D:8      | 9372 ||| UPGRADING to ring of poison resistance.
  9374 | D:8      | 9374 ||| UPGRADING to ring of protection from cold.
  9376 | D:8      | 9376 ||| READING scroll labelled OVVUOS VEMALE.
  9377 | D:8      | 9377 ||| READING 3 scrolls of identify.
  9377 | D:8      | 9377 ||| IDENTIFYING black potion
  9378 | D:8      | 9378 ||| READING 2 scrolls of identify.
  9378 | D:8      | 9378 ||| IDENTIFYING glowing inky potion
  9379 | D:8      | 9379 ||| DROPPING potion of attraction.
  9880 | D:9      | 9880 ||| Stepping ~*~*~tactically~*~*~ (stealth).
  9881 | D:9      | 9881 ||| Stepping ~*~*~tactically~*~*~ (stealth).
  9883 | D:9      | 9883 ||| Stepping ~*~*~tactically~*~*~ (hiding).
  9889 | D:9      | Reached skill level 1 in Throwing
  9992 | D:9      | 9992 ||| INVOKING Berserk.
 10111 | D:9      | 10111 ||| READING scroll of enchant weapon.
 10111 | D:9      | 10111 ||| ENCHANTING +0 war axe.
 10171 | D:9      | 10171 ||| INVOKING Berserk.
 10233 | D:9      | 10233 ||| Stepping ~*~*~tactically~*~*~ (hiding).
 10330 | D:9      | 10330 ||| READING scroll labelled BALARO QAPTY.
 10331 | D:9      | 10331 ||| READING 5 scrolls of identify.
 10331 | D:9      | 10331 ||| IDENTIFYING inky potion
 10332 | D:9      | 10332 ||| READING 4 scrolls of identify.
 10332 | D:9      | 10332 ||| IDENTIFYING sapphire potion
 10333 | D:9      | 10333 ||| DROPPING potion of invisibility.
 10334 | D:9      | 10334 ||| DROPPING potion of flight.
 10392 | D:10     | Entered Level 10 of the Dungeon
 10466 | D:10     | Noticed a two-headed ogre
 10475 | D:10     | Reached skill level 3 in Throwing
 10475 | D:10     | 10475 ||| INVOKING Berserk.
 10481 | D:10     | Found a shimmering altar of Xom.
 10489 | D:10     | Killed a two-headed ogre
 10496 | D:10     | HP: 30/136 [komodo dragon (21)]
 10500 | D:10     | HP: 8/136 [electric eel/bolt of electricity (9)]
 10502 | D:10     | Killed from afar by an electric eel

Levels and vault maps discovered:
D:1:      minmay_arrival_shattered_statue, layout_rooms,
          shapermc_ecumenical_altar_mp_vishouse, serial_shops,
          nicolae_lakefront_shop, shop, chequers_serial_rivers_room_a
D:2:      layout_rooms, serial_glass, glass_columns_c, glass_columns_b
D:3:      layout_rooms, lemuel_tele_altar
D:4:      layout_basic, gammafunk_temple_overflow_wave, kennysheep_mini_moat,
          gup_sewer_entry_spiral, grunt_decor_junction, uniq_crazy_yiuf_cottage,
          uniq_blork_the_orc, uniq_sigmund
D:5:      layout_basic, nemelex_diamond_rough_becter, serial_shops, shop,
          uniq_pikel, uniq_edmund, uniq_menkaure
D:6:      lemuel_slime, layout_loops_ring, lemuel_doored_altar,
          mainiacjoe_overflow_six_doors_small, fedhas_altar_decomposition,
          dreamdust_wishing_well
D:7:      layout_basic, overflow_temple_1_default, minmay_temple_entry_waves
D:8:      minmay_general_purpose_star, layout_loops_ring, kennysheep_mini,
          uniq_grum
D:9:      layout_roguey, enter_bailey_5, chequers_serial_rivers_micro_c
D:10:     lemuel_ice_statue, layout_basic, xom_confusion_cloud,
          minmay_lair_entry_grove, orc_david_3, guppyfry_shop_venom

Skill      XL: |  1  2  3  4  5  6  7  8  9 10 |
---------------+-------------------------------+-----
Axes           | 4 5 7 9 10 12 14 15 | 15.6
Fighting       | 5 6 7 8 9 |  9.0
Armour         | 3 4 6 8 |  8.3
Dodging        | 3 |  3.1
Throwing       | 3 |  3.0

Action                   |  1- 3 |  4- 6 |  7- 9 | 10-12 || total
-------------------------+-------+-------+-------+-------++-------
Melee: Hand axe          |    88 |    65 |   157 |       ||   310
       Headbutt          |     7 |    12 |    47 |    26 ||    92
       Punch             |       |     1 |     3 |     4 ||     8
       War axe           |       |       |    84 |   163 ||   247
Throw: Javelin           |       |       |       |     6 ||     6
Invok: Berserk           |     3 |     4 |    11 |     4 ||    22
  Use: Scroll            |    12 |     4 |     2 |     7 ||    25
       Potion            |     2 |       |     3 |       ||     5
 Stab: Distracted        |       |       |     1 |     1 ||     2
Armor: Animal skin       |    11 |       |       |       ||    11
       Chain mail        |    15 |    21 |    72 |    22 ||   130
       Plate armour      |       |       |       |    38 ||    38
Dodge: Dodged            |    49 |    11 |    67 |    77 ||   204

Table legend:
 A = Non-vault XP
 B = Vault XP
 C = Vault XP percentage of total XP
 D = Non-vault monster count
 E = Vault monster count
 F = Vault count percentage of total count
                 A         B        C        D         E       F
            +---------+---------+-------+---------+---------+-------
      Total |    5580 |    4562 |  45.0 |     174 |      53 |  23.3
            +---------+---------+-------+---------+---------+-------
        D:1 |      48 |       0 |   0.0 |      22 |       0 |   0.0
        D:2 |      36 |       0 |   0.0 |      19 |       0 |   0.0
        D:3 |      83 |       0 |   0.0 |      23 |       0 |   0.0
        D:4 |     416 |     328 |  44.1 |      20 |      10 |  33.3
        D:5 |     824 |     982 |  54.4 |      16 |       3 |  15.8
        D:6 |     791 |     544 |  40.7 |      13 |      20 |  60.6
        D:7 |     779 |       0 |   0.0 |      13 |       0 |   0.0
        D:8 |    1539 |     883 |  36.5 |      36 |       9 |  20.0
        D:9 |     842 |       8 |   0.9 |       9 |       4 |  30.8
       D:10 |     222 |    1817 |  89.1 |       3 |       7 |  70.0
            +---------+---------+-------+---------+---------+-------
